 Dungeon Crawl Stone Soup version 0.24.0-37-gcf1ca852f1 (webtiles) character file.

Game seed: 9642539461778440517, levelgen mode: deterministic

88 theswoord the Chopper (level 4, -4/35 HPs)
             Began as a Demonspawn Fighter on Nov 26, 2019.
             Slain by a kobold
             ... wielding a +1 short sword of distortion
              (17 damage)
             ... on level 2 of the Dungeon.
             The game lasted 00:01:55 (1486 turns).

theswoord the Chopper (Demonspawn Fighter)          Turns: 1486, Time: 00:01:55

Health: -4/35      AC:  6    Str: 16    XL:     4   Next: 30%
Magic:  4/4        EV:  9    Int: 10    God:
Gold:   70         SH:  0    Dex: 13    Spells: 3/3 levels left

rFire    + . .     SeeInvis .   a - +0 war axe
rCold    . . .     Gourm    .   (no shield)
rNeg     . . .     Faith    .   b - +0 scale mail
rPois    .         Spirit   .   (helmet restricted)
rElec    .         Reflect  .   (no cloak)
rCorr    .         Harm     .   (no gloves)
MR       .....                  (no boots)
Stlth    ..........             (no amulet)
HPRegen  0.11/turn              e - ring of protection from fire
MPRegen  0.09/turn              (no ring)

@: no status effects
A: antennae 2
a: no special abilities


You were on level 2 of the Dungeon.
You were not hungry.

You visited 1 branch of the dungeon, and saw 2 of its levels.

You collected 70 gold pieces.

Inventory:

Hand Weapons
 a - a +0 war axe (weapon)
Armour
 b - a +0 scale mail (worn)
 c - a +0 shield
Jewellery
 e - a ring of protection from fire (left hand)
Scrolls
 h - 3 scrolls of enchant armour {unknown}
 j - a scroll of random uselessness {unknown}
 l - 3 scrolls of remove curse {unknown}
 m - 5 scrolls of identify {unknown}
 n - a scroll of noise {unknown}
Potions
 d - 2 potions of might
 i - 3 potions of agility {unknown}
 k - a potion of lignification {unknown}
Comestibles
 f - 5 rations
 g - 3 chunks of flesh


   Skills:
 - Level 3.0 Fighting
 + Level 4.2 Axes
 - Level 2.6 Armour
 - Level 2.6 Shields


You had 3 spell levels left.
You didn't know any spells.
Your spell library was empty.

Dungeon Overview and Level Annotations

Branches:
Dungeon (2/15)

Altars:
Fedhas
Gozag
Qazlal
Ru


Innate Abilities, Weirdness & Mutations

You have a pair of antennae on your head.


Message History

Found a sacrificial altar of Ru.
d - 2 potions of might (gained 1) Some of the chunks of flesh in your inventory have rotted away.
There is an open door here.
There is an escape hatch in the floor here.
You open the door.
There is an open door here.
There is an escape hatch in the floor here.
Some of the chunks of flesh in your inventory have rotted away.
A kobold comes into view.
It is wielding a +1 short sword of distortion.
The kobold shouts!
The kobold hits you but does no damage. Space bends around you.
You miss the kobold. The kobold closely misses you.
The kobold hits you but does no damage. Space warps horribly around you!
* * * LOW HITPOINT WARNING * * *
You hit the kobold but do no damage.
The kobold hits you with a +1 short sword of distortion.
* * * LOW HITPOINT WARNING * * *
Space warps horribly around you!
You die...

#.######.##............###○.
#.........).........##...#..
##.#####......#########.#....
#........###.## #.###..
#..####### #.# #.# #○. #..#
#.# #.# ### #..#########.#
#.# ##. #............#######
... ... #..#........@K......
... ... ##.#..######.......#
#.#..# ######### #.#..# #
#.#..# #.#..## #.#...# #.#.#
#######.#.# ##


You could see a kobold.

Vanquished Creatures
  3 adders (D:2)
  A shadow imp (D:2)
  An ooze (D:1)
  3 dart slugs (D:1)
  3 bats (D:1)
  A giant cockroach (D:2)
  7 goblins
  6 hobgoblins
  3 jackals (D:1)
  2 kobolds (D:1)
  A quokka (D:2)
  2 frilled lizards
  10 rats
43 creatures vanquished.

Notes
Turn   | Place    | Note
-------+----------+-------------------------------------------
     0 | D:1      | theswoord the Demonspawn Fighter began the quest for the
                  | Orb.
     0 | D:1      | Reached XP level 1. HP: 18/18 MP: 1/1
    31 | D:1      | Reached skill level 2 in Axes
    86 | D:1      | Gained mutation: You have a pair of small antennae on your
                  | head. [demonic ancestry]
    86 | D:1      | Reached XP level 2. HP: 24/24 MP: 2/2
   185 | D:1      | Reached skill level 3 in Axes
   441 | D:1      | Gained mutation: You have a pair of antennae on your head.
                  | [demonic ancestry]
   441 | D:1      | Reached XP level 3. HP: 17/29 MP: 3/3
  1207 | D:2      | Reached skill level 4 in Axes
  1207 | D:2      | Reached XP level 4. HP: 32/35 MP: 4/4
  1237 | D:2      | Found a stormy altar of Qazlal.
  1395 | D:2      | Found a blossoming altar of Fedhas.
  1403 | D:2      | Found an opulent altar of Gozag.
  1406 | D:2      | Found a sacrificial altar of Ru.
  1486 | D:2      | Slain by a kobold

Skill      XL: |  1  2  3 |
---------------+----------+-----
Axes           | 2 3 4 |  4.2
Fighting       | |  3.0
Armour         | |  2.6
Shields        | |  2.6

Action                   |  1- 3 |  4- 6 || total
-------------------------+-------+-------++-------
Melee: War axe           |   114 |    28 ||   142
  Eat: Chunk             |     1 |     1 ||     2
Armor: Scale mail        |    81 |    17 ||    98
Dodge: Dodged            |    60 |    14 ||    74
Block: Shield            |     2 |       ||     2

Levels and vault maps discovered:
D:1:      dpeg_chamrin_arrival_tetris, layout_basic, serial_bayou_pond_a
D:2:      layout_loops_ring, nicolae_overflow_hidden_temple,
          minmay_overflow_temple_star_quad, first_ration,
          chequers_serial_rivers_room_a, minmay_crystal_room,
          grunt_qazlal_clouds
